 Dungeon Crawl Stone Soup version 0.16.1-66-g04f09c5 (webtiles) character file.

1062 poirepourri the Skirmisher (level 8, -9/71 HPs)
             Began as a Hill Orc Fighter on Aug 11, 2015.
             Was a Believer of Beogh.
             Mangled by an orc warrior
             ... wielding a +0 halberd
              (12 damage)
             ... on level 6 of the Dungeon.
             The game lasted 00:11:27 (4936 turns).

poirepourri the Skirmisher (Hill Orc Fighter)       Turns: 4936, Time: 00:11:27

Health: -9/71      AC:  9    Str: 21    XL:     8   Next: 27%
Magic:  8/8        EV:  9    Int:  7    God:    Beogh [**....]
Gold:   285        SH: 11    Dex: 14    Spells: 0 memorised, 7 levels left

rFire  . . .     SeeInvis .     a - +1 war axe
rCold  . . .     Clarity  .     b - +0 scale mail
rNeg   . . .     SustAb   .     c - +0 shield
rPois  .         Gourm    .     (no helmet)
rElec  .         Spirit   .     k - +0 cloak
rCorr  .         Warding  .     (no gloves)
rMut   .         Stasis   .     (no boots)
MR     .....                    (no amulet)
Stlth  ..........               n - +3 ring of dexterity
                                o - ring of wizardry

@: not resistant to hostile enchantments, extremely unstealthy
A: no striking features
a: Smiting, Renounce Religion


You were on level 6 of the Dungeon.
You worshipped Beogh.
Beogh was pleased with you.
You were not hungry.

You visited 1 branch of the dungeon, and saw 6 of its levels.

You collected 285 gold pieces.

Inventory:

Hand weapons
 a - a +1 war axe (weapon)
 e - a +1 antimagic halberd
Armour
 b - a +0 scale mail (worn)
 c - a +0 shield (worn)
 k - a +0 cloak (worn)
Jewellery
 j - an uncursed ring of flight
 n - a +3 ring of dexterity (right hand)
 o - a ring of wizardry (left hand)
Magical devices
 r - a wand of polymorph (15)
 y - a wand of frost (16)
Scrolls
 i - 3 scrolls of identify
 m - 3 scrolls of teleportation
 q - a scroll of recharging
Potions
 g - a potion of restore abilities
 v - a potion of magic
 x - 3 potions of curing
Miscellaneous
 h - a plain deck of changes {drawn: 3}
Comestibles
 d - a meat ration
 f - 3 fruits
 l - 2 bread rations
 z - a beef jerky


   Skills:
 * Level 6.9 Fighting
 + Level 5.8 Axes
 + Level 5.9 Armour
 + Level 2.7 Dodging
 + Level 5.2 Shields
 + Level 0.3 Invocations
 + Level 0.4 Evocations


You had 7 spell levels left.
You didn't know any spells.

Dungeon Overview and Level Annotations

Branches:
Dungeon (6/15)             Temple (0/1) D:4

Altars:
Cheibriados
Dithmenos
Elyvilon
Gozag
Makhleb
Nemelex Xobeh
Ru
Vehumet
Zin

Annotations:
D:3 poirepourri's ghost, average HOFi


Message History

The orc warrior hits you with a halberd!
You closely miss the orc warrior. You block the orc warrior's attack.
You barely miss the orc warrior. You block the orc warrior's attack.
You hit the orc warrior.
The orc warrior is lightly wounded.
The orc warrior hits you with a halberd!
* * * LOW HITPOINT WARNING * * *
You barely miss the orc warrior.
The orc warrior is lightly wounded.
The orc warrior hits you with a halberd.
* * * LOW HITPOINT WARNING * * *
You hit the orc warrior but do no damage.
The orc warrior is lightly wounded.
The orc warrior hits you with a halberd!
* * * LOW HITPOINT WARNING * * *
You block the orc warrior's attack.
You hit the orc warrior.
The orc warrior is lightly wounded.
The orc warrior hits you with a halberd!
You die...

# .. . .#+### #. .....# #.
#....+ +.. #. #....# #..(#
#. # #o...# #...# ###.
##.#@)..# #...# #...
+..).†..+ +...# #...
###+#....#+#...####...
#.....................
+....)................
#....)................
.......#######+#...#+##'#.
......+.......'...+..'.+.
..... #.##.##+#...#.####.


You could see an orc warrior.

Vanquished Creatures
  Prince Ribbit (D:6)
  A giant frog (D:6)
  Blork the orc (D:5)
  A wyvern skeleton (D:6)
  A crimson imp (D:6)
  2 hounds
  2 centaur zombies (D:5)
  An orc priest (D:6)
  A gnoll shaman (D:4)
  A giant frog skeleton (D:6)
  3 worker ants
  An iguana (D:5)
  10 adders
  8 gnolls
  2 giant mites
  A shadow imp (D:6)
  3 worms
  2 adder zombies (D:5)
  2 giant geckos
  15 orcs
  2 bat skeletons
  8 giant cockroaches
  7 goblins
  9 hobgoblins
  10 kobolds
  3 quokkas
  7 bats
  A giant gecko skeleton (D:5)
  4 giant newts
  A quokka skeleton (D:4)
  10 rats
121 creatures vanquished.

Vanquished Creatures (others)
  An orc priest (D:3)
  4 orcs (D:3)
  A goblin (D:1)
  A bat (D:1)
  4 toadstools (D:1)
11 creatures vanquished.

Grand Total: 132 creatures vanquished

Notes
Turn   | Place    | Note
--------------------------------------------------------------
     0 | D:1      | poirepourri, the Hill Orc Fighter, began the quest for the Orb.
     0 | D:1      | Reached XP level 1. HP: 19/19 MP: 1/1
   169 | D:1      | Reached skill level 4 in Fighting
   200 | D:1      | Reached XP level 2. HP: 12/27 MP: 2/2
  1132 | D:2      | Reached XP level 3. HP: 33/33 MP: 3/3
  1385 | D:2      | Reached skill level 1 in Dodging
  1392 | D:2      | Found a white marble altar of Elyvilon.
  1420 | D:2      | Reached XP level 4. HP: 25/41 MP: 4/4
  1724 | D:2      | Found a burning altar of Makhleb.
  1729 | D:2      | Found a glowing silver altar of Zin.
  1729 | D:2      | Noticed an angel
  1729 | D:2      | Noticed a green death
  1945 | D:2      | Found a sacrificial altar of Ru.
  2082 | D:2      | Reached XP level 5. HP: 43/47 MP: 5/5
  2251 | D:3      | Became a worshipper of Beogh the Brigand
  2253 | D:3      | Noticed poirepourri's ghost (average HOFi)
  2898 | D:3      | Reached skill level 5 in Fighting
  2899 | D:3      | Found a sparkling altar of Nemelex Xobeh.
  2915 | D:3      | Drew Focus: Str increased to 20, Int decreased to 7
  2974 | D:4      | Found a shadowy altar of Dithmenos.
  2998 | D:4      | Reached XP level 6. HP: 25/56 MP: 3/6
  3469 | D:4      | Acquired Beogh's first power
  3542 | D:4      | Found a staircase to the Ecumenical Temple.
  3570 | D:5      | Entered Level 5 of the Dungeon
  3812 | D:5      | Noticed Blork the orc
  3827 | D:5      | Killed Blork the orc
  3827 | D:5      | Reached XP level 7. HP: 51/62 MP: 7/7
  3887 | D:5      | Reached skill level 6 in Fighting
  3933 | D:5      | Found an opulent altar of Gozag.
  4055 | D:5      | Found a snail-covered altar of Cheibriados.
  4152 | D:5      | Reached skill level 5 in Armour
  4372 | D:6      | Found a radiant altar of Vehumet.
  4387 | D:6      | Reached skill level 5 in Axes
  4410 | D:6      | Noticed Prince Ribbit
  4428 | D:6      | Killed Prince Ribbit
  4428 | D:6      | Reached skill level 5 in Shields
  4428 | D:6      | Reached XP level 8. HP: 28/71 MP: 8/8
  4628 | D:6      | Acquired Beogh's second power
  4935 | D:6      | HP: 3/71 [orc warrior/halberd (15)]
  4936 | D:6      | Mangled by an orc warrior

Action                   |  1- 3 |  4- 6 |  7- 9 || total
-------------------------+-------+-------+-------++-------
Melee: War axe           |    99 |   221 |   103 ||   423
Invok: Convert to Beogh  |       |     1 |       ||     1
       Smiting           |       |       |     1 ||     1
Evoke: Deck              |       |     3 |       ||     3
  Use: Potion            |     3 |     6 |     4 ||    13
       Scroll            |     2 |     5 |     3 ||    10
  Eat: Chunk             |     2 |     2 |       ||     4
       Meat ration       |       |     1 |     1 ||     2
